 Dungeon Crawl Stone Soup version 0.30.0-10-gfe55d96785 (webtiles) character file.

Game seed: 3300781555532329282

461 retardedninja the Firebug (level 7, -4/51 HPs)
             Began as a Gnoll Fire Elementalist on May 15, 2023.
             Slain by an orc warrior
             ... wielding a +0 scimitar
              (14 damage)
             ... on level 4 of the Dungeon.
             The game lasted 00:07:05 (5373 turns).

retardedninja the Firebug (Gnoll Fire Elementalist) Turns: 5373, Time: 00:07:06

Health: -4/51      AC:  2    Str:  7    XL:     7   Next: 7%
Magic:  5/15       EV: 13    Int: 17    God:
Gold:   300        SH:  0    Dex: 12    Spells: 14/17 levels left

rFire   . . .        t - +3 spear (freeze)
rCold   . . .        (no shield)
rNeg    . . .        a - +0 robe
rPois   .            (no helmet)
rElec   .            (no cloak)
rCorr   .            (no gloves)
SInv    .            (no boots)
Will    +....        (no amulet)
Stlth   +++          x - ring of flight
HPRegen 0.28/turn    A - ring of willpower
MPRegen 0.14/turn

%: no passive effects
@: flying
A: fangs 1, strong nose, distributed training
a: no special abilities


You were on level 4 of the Dungeon.
You visited 1 branch of the dungeon, and saw 5 of its levels.
You also visited: Sewer.

You collected 300 gold pieces.

Inventory:

Hand Weapons
 t - a +3 spear of freezing (weapon)
 z - a +0 war axe of venom
Armour
 a - a +0 robe (worn)
 D - a +0 pair of boots
 F - a +0 pair of gloves
Jewellery
 x - a ring of flight (left hand)
 A - a ring of willpower (right hand)
 E - a ring of flight
Wands
 y - a wand of acid (12)
Scrolls
 d - a scroll of immolation {unknown}
 f - 3 scrolls of fear
 p - 3 scrolls of noise
 s - a scroll of amnesia {unknown}
 u - 4 scrolls of teleportation
 w - a scroll of silence {unknown}
Potions
 b - 2 potions of magic
 h - a potion of haste {unknown}
 i - a potion of heal wounds {unknown}
 k - a potion of degeneration {unknown}
 l - 3 potions of might
 o - 5 potions of flight
 q - 3 potions of curing
 r - a potion of lignification
 v - 2 potions of attraction
 C - a potion of berserk rage {unknown}


   Skills:
 + Level 2.3 Fighting
 + Level 2.3 Short Blades
 + Level 2.3 Long Blades
 + Level 2.3 Axes
 + Level 2.3 Maces & Flails
 + Level 2.3 Polearms
 + Level 2.3 Staves
 + Level 2.3 Ranged Weapons
 + Level 2.3 Throwing
 + Level 2.3 Armour
 + Level 5.1 Dodging
 + Level 4.8 Stealth
 + Level 2.3 Shields
 + Level 2.3 Unarmed Combat
 + Level 5.5 Spellcasting
 + Level 2.9 Conjurations
 + Level 1.9 Hexes
 + Level 1.9 Summonings
 + Level 1.9 Necromancy
 + Level 1.9 Translocations
 + Level 1.9 Transmutations
 + Level 5.8 Fire Magic
 + Level 1.9 Ice Magic
 + Level 1.9 Air Magic
 + Level 1.9 Earth Magic
 + Level 1.9 Poison Magic
 + Level 2.5 Invocations
 + Level 2.3 Evocations


You had 14 spell levels left.
You knew the following spells:

 Your Spells              Type           Power      Damage    Failure   Level
a - Foxfire               Conj/Fire      76%        2x1d7     2%          1
b - Scorch                Fire           48%        2d7       1%          2

Your spell library contained the following spells:

 Spells                   Type           Power      Damage    Failure   Level
 Shock                    Conj/Air       48%        1d6       4%          1
 Apportation              Tloc           22%        N/A       6%          1
 Necrotise                Necr           44%        1d6       6%          1
 Summon Small Mammal      Summ           44%        N/A       6%          1
 Inner Flame              Hex/Fire       17%        N/A       9%          3
 Volatile Blastmotes      Fire/Tloc      34%        2d12      9%          3
 Swiftness                Air            11%        N/A       19%         3
 Flame Wave               Conj/Fire      19%        2d7       22%         4
 Airstrike                Air            5%         2d(1-17)  52%         4
 Summon Forest            Summ/Tloc      5%         N/A       86%         5
 Summon Mana Viper        Hex/Summ       11%        N/A       86%         5
 Summon Cactus Giant      Summ           5%         N/A       100%        6


Dungeon Overview and Level Annotations

Branches:
Dungeon (5/15)              Sewer (visited)
 Temple: D:4-7

Altars:


Innate Abilities, Weirdness & Mutations

You have very sharp teeth.
Your uncanny sense of smell can sniff out nearby items.
Your experience applies equally to all skills.


Message History

You conjure some foxfire!
Unknown command.
There is a stone staircase leading up here.
The orc warrior hits you with a +0 scimitar!
You fly upwards.
There is a stone staircase leading down here.
Casting: Foxfire (safe; 2% risk of failure)
Confirm with . or Enter, or press ? or * to list all spells.
Flames lash the orc warrior.
The orc warrior is lightly wounded.
The orc warrior's fire resistance burns away.
The orc warrior barely misses you.
Unknown command.
Casting: Scorch (safe; 1% risk of failure)
Confirm with . or Enter, or press ? or * to list all spells.
Flames lash the orc warrior but do no damage.
The orc warrior hits you with a +0 scimitar!
Unknown command.
Casting: Scorch (safe; 1% risk of failure)
Confirm with . or Enter, or press ? or * to list all spells.
Flames lash the orc warrior.
The orc warrior is burned terribly!
The orc warrior is moderately wounded.
The orc warrior hits you with a +0 scimitar!
Unknown command.
Casting: Scorch (safe; 1% risk of failure)
Confirm with . or Enter, or press ? or * to list all spells.
Flames lash the orc warrior.
The orc warrior is burned terribly!
The orc warrior is severely wounded.
The orc warrior hits you with a +0 scimitar!
* * * LOW HITPOINT WARNING * * *
Unknown command.
Casting: Scorch (safe; 1% risk of failure)
Confirm with . or Enter, or press ? or * to list all spells.
Flames lash the orc warrior.
The orc warrior is burned terribly!
The orc warrior is almost dead.
The orc warrior hits you with a +0 scimitar!
* * * LOW HITPOINT WARNING * * *
You feel better.
The orc warrior hits you with a +0 scimitar!
You die...

.........# ####........######
########.# #.#########.... # #.#
##.## #.### ###.## #...# #.# ####
#....# #...# #.# ...# #.#.##
#...# #.# ...# #.####
#####...##### #.### ...#
#....####...........####)..#
...###..........@o....>..........
.....)....####...........#.####..
....##.#..# ###.#...#.###.####..
..........# #.#...#...........
###.##.##.# #.#...#..##.##.##.
....##.##.# #.#...#..##.......
###.......# #.##.##..##....†..
###.##.####### #........#####.###
..#.##.......# #.##.##..###.....#


You could see an orc warrior (combustible).

Vanquished Creatures
  Grinder (D:3)
  A sleepcap (D:5)
  2 iguanas (D:4)
  A sickly merfolk siren (Sewer)
  A malarious merfolk avatar (Sewer)
  3 adders
  A river rat (Sewer)
  An ufetubus (D:4)
  A worm (D:4)
  3 dart slugs
  6 endoplasms
  7 giant cockroaches
  8 goblins
  6 hobgoblins
  4 jackals
  5 quokkas
  9 ball pythons
  4 bats
  10 frilled lizards
  A kobold (D:4)
  29 rats
104 creatures vanquished.

Vanquished Creatures (others)
  384 foxfires
384 creatures vanquished.

Grand Total: 488 creatures vanquished

Notes
Turn   | Place    | Note
-------+----------+-------------------------------------------
     0 | D:1      | retardedninja the Gnoll Fire Elementalist began the quest
                  | for the Orb.
     0 | D:1      | Reached XP level 1. HP: 13/13 MP: 6/6
   231 | D:1      | Reached XP level 2. HP: 19/19 MP: 3/7
   666 | D:1      | Reached skill level 5 in Spellcasting
   666 | D:1      | Reached XP level 3. HP: 25/25 MP: 2/9
  1438 | D:2      | Reached skill level 1 in Invocations
  1686 | D:2      | Reached skill level 1 in Fighting
  1686 | D:2      | Reached skill level 1 in Short Blades
  1686 | D:2      | Reached skill level 1 in Long Blades
  1686 | D:2      | Reached skill level 1 in Axes
  1686 | D:2      | Reached skill level 1 in Maces & Flails
  1686 | D:2      | Reached skill level 1 in Polearms
  1686 | D:2      | Reached skill level 1 in Staves
  1686 | D:2      | Reached skill level 1 in Ranged Weapons
  1686 | D:2      | Reached skill level 1 in Throwing
  1686 | D:2      | Reached skill level 1 in Armour
  1686 | D:2      | Reached skill level 1 in Shields
  1686 | D:2      | Reached skill level 1 in Unarmed Combat
  1686 | D:2      | Reached skill level 1 in Evocations
  2469 | D:3      | Reached XP level 4. HP: 32/32 MP: 7/11
  2582 | D:3      | Noticed Grinder
  2586 | D:3      | Learned a level 2 spell: Scorch
  2591 | D:3      | Paralysed by Grinder for 3 turns
  2598 | D:3      | Killed Grinder
  2599 | D:3      | Reached skill level 1 in Hexes
  2599 | D:3      | Reached skill level 1 in Summonings
  2599 | D:3      | Reached skill level 1 in Necromancy
  2599 | D:3      | Reached skill level 1 in Translocations
  2599 | D:3      | Reached skill level 1 in Transmutations
  2599 | D:3      | Reached skill level 1 in Ice Magic
  2599 | D:3      | Reached skill level 1 in Air Magic
  2599 | D:3      | Reached skill level 1 in Earth Magic
  2599 | D:3      | Reached skill level 1 in Poison Magic
  2599 | D:3      | Reached XP level 5. HP: 11/38 MP: 0/12
  2599 | D:3      | Reached XP level 6. HP: 13/44 MP: 0/14
  2913 | D:4      | Reached skill level 5 in Dodging
  3612 | D:4      | Found a glowing drain.
  3616 | Sewer    | Entered a sewer
  5110 | D:5      | Entered Level 5 of the Dungeon
  5137 | D:5      | Reached XP level 7. HP: 27/51 MP: 6/15
  5372 | D:4      | HP: 2/51 [orc warrior/+0 scimitar (10)]
  5373 | D:4      | Slain by an orc warrior

Illustrated notes

Levels and vault maps discovered:
D:1:      dpeg_arrival_line_fractal, layout_rooms
D:2:      layout_basic, minmay_tripent
D:3:      layout_rooms, uniq_grinder
D:4:      layout_loops_cross, gup_sewer_entry_spiral
D:5:      minmay_octagon_keep, layout_loops_ring

Skill      XL: |  1  2  3  4  5  6 |
---------------+-------------------+-----
Conjurations   | 2 |  2.9
Spellcasting   | 5 |  5.5
Invocations    | 1 2 |  2.5
Fighting       | 1 2 |  2.3
Short Blades   | 1 2 |  2.3
Long Blades    | 1 2 |  2.3
Axes           | 1 2 |  2.3
Maces & Flails | 1 2 |  2.3
Polearms       | 1 2 |  2.3
Staves         | 1 2 |  2.3
Ranged Weapons | 1 2 |  2.3
Throwing       | 1 2 |  2.3
Armour         | 1 2 |  2.3
Shields        | 1 2 |  2.3
Unarmed Combat | 1 2 |  2.3
Evocations     | 1 2 |  2.3
Hexes          | 1 |  1.9
Summonings     | 1 |  1.9
Necromancy     | 1 |  1.9
Translocations | 1 |  1.9
Transmutations | 1 |  1.9
Ice Magic      | 1 |  1.9
Air Magic      | 1 |  1.9
Earth Magic    | 1 |  1.9
Poison Magic   | 1 |  1.9
Dodging        | 5 |  5.1
Stealth        | |  4.8
Fire Magic     | |  5.8

Action                     |  1- 3 |  4- 6 |  7- 9 || total
---------------------------+-------+-------+-------++-------
  Melee: Unarmed           |    25 |       |       ||    25
         Bite              |     4 |       |       ||     4
         Spear             |     1 |       |       ||     1
   Cast: Foxfire           |   100 |   124 |     3 ||   227
         Scorch            |       |    17 |     5 ||    22
  Evoke: Wand              |       |     1 |       ||     1
    Use: Scroll            |       |    12 |       ||    12
         Potion            |       |       |     1 ||     1
   Stab: Sleeping          |     1 |       |       ||     1
 Armour: Robe              |     7 |     4 |       ||    11
  Dodge: Dodged            |    25 |    17 |     1 ||    43
